AoeStats
← Bleda

Hideout

510137835Analyzed
1v1 RM · 2d ago on Sep 29, 2026· 32m 15s· 2 players
Game mode
Random Map
Map size
Tiny (2 player)
Population
200
Speed
Normal
Resources
Standard
Victory
Conquest
Starting age
Dark Age
Ending age
Imperial Age
RankedLock teamsTeams togetherTeam positionsShared explorationLock speedFull tech treeHidden civsTurbo modeCheats
Victory
Defeat
🇹🇷 Celts · Türkiye
1227
+14
🇸🇪 Persians · Sweden
1194
-14
Bleda
10:01 Feudal Age
10:36 Double-Bit Axe
16:14 Castle Age
13:59 Horse Collar
14:52 Scale Mail Armor
14:46 Gold Mining
15:34 Forging
16:37 Loom
17:54 Bow Saw
18:45 Pikeman
29:15 Imperial Age
29:13 Husbandry
29:30 Heavy Plow
30:08 Scale Barding Armor
31:04 Iron Casting
31:34 Wheelbarrow
30:45 Town Watch
33:34 Blast Furnace
The Old Man
12:21 Feudal Age
16:07 Castle Age
21:02 Imperial Age
18:50 Horse Collar
19:54 Double-Bit Axe
22:30 Chemistry
Connection lost

Rejoining the realm…

Still unreachable

The connection could not be restored.

Session expired

The server has moved on; the page needs a fresh start.